 Dungeon Sprint DCSS version 0.27-a0-1191-g601b473118 (webtiles) character file.

Game seed: 12986337194793811238

236777 mhtbhm the Petrodigitator (level 18, -5/89 HPs)
             Began as a Gargoyle Earth Elementalist on May 23, 2021.
             Was the Champion of Vehumet.
             Killed from afar by a war gargoyle (16 damage)
             ... with a spray of metal splinters
             ... in the Dungeon (Sprint III: "The Ten Rune Challenge").
             The game lasted 00:42:18 (10290 turns).

mhtbhm the Petrodigitator (GrEE)                   Turns: 10290, Time: 00:42:19

Health: -5/89      AC: 21    Str: 13    XL:     18   Next: 66%
Magic:  35/49      EV: 22    Int: 23    God:    Vehumet [******]
Gold:   3309       SH:  5    Dex: 16    Spells: 6/71 levels left

rFire    + . .     SeeInvis .   x - staff of earth
rCold    + . .     Faith    .   (no shield)
rNeg     + + +     Spirit   .   p - +1 robe {rC+ rF+}
rPois    ∞         Reflect  +   Q - +1 hat of Vanity {Will+ Dex+3}
rElec    +         Harm     .   F - +0 cloak {rCorr}
rCorr    +         Rampage  .   (no gloves)
Will     ++...     NoTele   +   G - +2 pair of boots of the Catamount {rElec Regen+ Dex+3}
Stlth    +++++.....             L - amulet of reflection
HPRegen  1.24/turn              s - ring "Faty" {rN++ EV+4}
MPRegen  0.31/turn              u - ring of wizardry

@: flying, studying Poison Magic
A: sickness immunity, AC +13, big wings, negative energy resistance 1,
electricity resistance, torment resistance 1, petrification resistance, horns 1
}: 3/10 runes: decaying, silver, golden
a: Renounce Religion


You were in the Dungeon.
You worshipped Vehumet.
Vehumet was exalted by your worship.
You visited 1 branch You collected 7238 gold pieces.
You spent 3929 gold pieces at shops.

Inventory:

Hand Weapons
 o - the +10 zealot's sword {holy, *Rage rN+ EV+3}
   (You found it in the Dungeon)

   It has been blessed by the Shining One to cause great damage to the undead
   and demons.
   It affects your evasion (+3).
   It protects you from negative energy.
   It may make you go berserk in combat.
Missiles
 b - 42 stones
 v - 5 atropa-tipped darts
 D - 7 curare-tipped darts
Armour
 p - a +1 robe of resistance (worn)
 F - a +0 cloak of preservation (worn)
 G - the +2 pair of boots of the Catamount (worn) {rElec Regen+ Dex+3}
   (You bought it in a shop in the Dungeon)

   It affects your dexterity (+3).
   It insulates you from electricity.
   It increases your rate of health regeneration.
 Q - the +1 hat of Vanity (worn) {Will+ Dex+3}
   (You acquired it in the Dungeon)

   It affects your dexterity (+3).
   It increases your willpower.
Magical Staves
 x - a staff of earth (weapon)
Jewellery
 c - a ring of protection from fire
 e - the amulet of the Sun {Regen+ Dex+3}
   (You took it off a guardian mummy in the Dungeon)

   [amulet of regeneration]

   It affects your dexterity (+3).
   It increases your rate of health regeneration.
 s - the ring "Faty" (left hand) {rN++ EV+4}
   (You took it off a deep elf annihilator in the Dungeon)

   [ring of evasion]

   It affects your evasion (+4).
   It greatly protects you from negative energy.
 u - a ring of wizardry (right hand)
 L - an amulet of reflection (around neck)
 N - an amulet of magic regeneration
Wands
 j - a wand of iceblast (11)
 t - a wand of paralysis (9)
 E - a wand of polymorph (3)
 K - a wand of acid (3)
Scrolls
 a - 4 scrolls of amnesia
 i - a scroll of blinking
 l - 2 scrolls of torment
 m - 3 scrolls of silence
 y - 3 scrolls of identify
 z - 3 scrolls of enchant armour
 A - a scroll of vulnerability
 B - a scroll of enchant weapon
 C - a scroll of fear
 M - 2 scrolls of acquirement
 U - a scroll of fog
Potions
 d - 4 potions of curing
 f - 4 potions of haste
 h - 3 potions of berserk rage
 k - 5 potions of mutation
 n - 4 potions of flight
 q - 4 potions of might
 H - 2 potions of resistance
 I - a potion of attraction
 P - 6 potions of heal wounds
 R - 3 potions of magic
 T - 3 potions of brilliance
Miscellaneous
 g - the horn of Geryon
 r - a phantom mirror
 w - a tin of tremorstones (2/2)
 O - a lightning rod (4/4)


   Skills:
 - Level 1.9 Fighting
 + Level 0.3 Armour
 + Level 10.4 Dodging
 + Level 11.0 Stealth
 + Level 1.1 Shields
 O Level 27 Spellcasting
 + Level 20.4 Conjurations
 + Level 1.8 Transmutations
 * Level 26.5 Fire Magic
 O Level 27 Earth Magic
 + Level 2.6 Evocations


You had 6 spell levels left.
You knew the following spells:

 Your Spells              Type           Power      Damage    Failure   Level
a - Sandblast             Erth           100%       2d20      0%          1
b - Passwall              Tmut/Erth      81%        N/A       0%          2
c - Stone Arrow           Conj/Erth      100%       3d13      0%          3
d - Lee's Rapid Deconstr  Erth           62%        3d30*     0%          5
e - Petrify               Tmut/Erth      98%        N/A       1%          4
f - Bolt of Magma         Conj/Fire/Erth 60%        4d24      0%          5
g - Iron Shot             Conj/Erth      59%        9d11      0%          6
h - Shatter               Erth           62%        3d46*     1%          9
i - Fireball              Conj/Fire      47%        3d19      0%          5
j - Lehudib's Crystal Sp  Conj/Erth      59%        10d14     1%          8
k - Ignition              Fire           50%        3d14      1%          8
l - Fire Storm            Conj/Fire      47%        8d12      1%          9

Your spell library contained the following spells:

 Spells                   Type           Power      Damage    Failure   Level
 Tornado                  Air            15%        N/A       100%        9
 Shock                    Conj/Air       100%       1d9       0%          1
 Static Discharge         Conj/Air       67%        N/A       0%          2
 Animate Skeleton         Necr           62%        N/A       1%          1
 Apportation              Tloc           62%        N/A       1%          1
 Corona                   Hex            34%        N/A       1%          1
 Sting                    Tmut/Pois      100%       1d8       1%          1
 Summon Small Mammal      Summ           100%       N/A       1%          1
 Ensorcelled Hibernation  Hex/Ice        62%        N/A       1%          2
 Confusing Touch          Hex            31%        N/A       1%          3
 Dazzling Flash           Conj/Hex       100%       N/A       1%          3
 Ignite Poison            Fire/Tmut/Pois 65%        N/A       1%          3
 Swiftness                Air            31%        N/A       1%          3
 Tukima's Dance           Hex            31%        N/A       1%          3
 Airstrike                Air            15%        N/A       1%          4
 Animate Armour           Summ/Erth      100%       N/A       1%          4
 Leda's Liquefaction      Hex/Erth       48%        N/A       1%          4
 Lightning Bolt           Conj/Air       33%        1d51      1%          5
 Yara's Violent Unravell  Hex/Tmut       17%        3d8       2%          5
 Simulacrum               Ice/Necr       15%        N/A       50%         6
 Chain Lightning          Conj/Air       33%        N/A       11%         8
 Absolute Zero            Ice            15%        ∞         100%        9
 Statue Form              Tmut/Erth      Unusable   N/A       N/A         6

Dungeon Overview and Level Annotations

Branches:
Dungeon (1/1)

Altars:
Cheibriados
Dithmenos
Elyvilon
Fedhas
Gozag
Hepliaklqana
Kikubaaqudgha
Makhleb
Nemelex Xobeh
Okawaru
Qazlal
Ru
Sif Muna
Trog
Uskayaw
Vehumet
Wu Jian
Xom
Yredelemnul
Zin
The Shining One
Beogh
Jiyva
Lugonu

Shops:
D !:(?[[[[[:[=!!!?[?!(


Innate Abilities, Weirdness & Mutations

You are immune to sickness and miasma.
Your stone body is resilient. (AC +13)
You are immune to poison.
Your large and strong wings let you fly.
You resist negative energy. (rN+)
You are resistant to electric shocks. (rElec)
You are resistant to unholy torment.
You are immune to petrification.
You have a pair of small horns on your head.


Message History

Aiming: Lee's Rapid Deconstruction (safe; 0% risk of failure)
Press: ? - help, Dir - move target A metal wall.
You feel a surge of power!
The metal wall shatters!
The blast of metal fragments hits the iron giant!!!
The iron giant is heavily wounded.
The war gargoyle hits you but does no damage.
Unknown command.
Unknown command.
Casting: Lee's Rapid Deconstruction (safe; 0% risk of failure)
Confirm with . or Enter, or press ? or * to list all spells.
Aiming: Lee's Rapid Deconstruction (safe; 0% risk of failure)
Press: ? - help, Dir - move target A metal wall.
You feel a surge of power!
The metal wall shatters!
The blast of metal fragments hits the iron giant!
The iron giant is heavily wounded.
The blast of metal fragments hits the war gargoyle!!!!
You destroy the war gargoyle!
Vehumet accepts your kill.
You feel your power returning.
The war gargoyle hits you but does no damage.
The iron giant gestures at you while chanting.
The iron shot misses you.
The war gargoyle hits you with a +0 great mace!!
Unknown command.
Casting: Lee's Rapid Deconstruction (safe; 0% risk of failure)
Confirm with . or Enter, or press ? or * to list all spells.
Aiming: Lee's Rapid Deconstruction (safe; 0% risk of failure)
Press: ? - help, Dir - move target A metal wall.
You feel a surge of power!
The metal wall shatters!
The blast of metal fragments hits the iron giant!!!!
The iron giant is almost dead.
The iron giant hits you with the +3 giant club "Skullcrusher" {speed, Str+7}!!!
Ouch! That really hurt!
* * * LOW HITPOINT WARNING * * *
The war gargoyle launches metal splinters at you.
The spray of metal splinters hits you!
You die...

*,*,,**+*,,^,**,≈≈≈≈≈≈≈
*,*,,*,,*,^,,**,≈≈≈≈≈≈≈
*,+,,*,,*,,,,**,,,≈≈≈≈≈
***###++#******,,,,,≈≈,
**,*.#..#,*,***,,,,,,,,
*^^^,.^.,,,,,**8,,,,,,,
▓######)#############+##
▓......C....)...........
▓......@....)).(........
▓.......9....).(........
▓...........)).)........
▓.......................
▓#######+#############+#
*,,,*,,,,*,,,* ***≈≈≈≈≈
*,,,+,,,,+,,,* *,+≈***≈
*,,,*,,,,*,,,*****≈*,*≈
**+********+***≈≈≈≈*+*≈


You could see an iron giant and a war gargoyle (catching breath).

Vanquished Creatures
  Mara (D)
  Boris (D)
  2 royal mummies (D)
  Frederick (D)
  Nikola (D)
  A golden dragon (D)
  Geryon (D)
  Rupert (D)
  2 liches (D)
  A deep elf blademaster (D)
  4 quicksilver dragons (D)
  A titan (D)
  2 sphinxes (D)
  A kraken (D)
  An ancient champion (D)
  Frances (D)
  Chuck (D)
  A storm dragon (D)
  2 shadow dragons (D)
  Gastronok (D)
  Donald (D)
  A draconian knight (D)
  Roxanne (D)
  3 war gargoyles (D)
  4 stone giants (D)
  2 dire elephants (D)
  3 deep elf annihilators (D)
  2 vampire knights (D)
  A deep elf death mage (D)
  A deep elf high priest (D)
  A fire dragon (D)
  8 mummy priests (D)
  A great orb of eyes (shapeshifter) (D)
  2 yaktaur captains (D)
  3 ice dragons (D)
  15 vault guards (D)
  Erolcha (D)
  2 hell beasts (D)
  A boulder beetle (shapeshifter) (D)
  2 hydras (D)
  An ogre mage (D)
  A centaur warrior (D)
  An alligator snapping turtle (D)
  4 dancing weapons (D)
  4 death yaks (D)
  A titan zombie (D)
  Urug (D)
  2 orc high priests (D)
  2 sun demons (D)
  A deep elf knight (D)
  2 soul eaters (D)
  4 hell knights (D)
  A shadow wraith (D)
  An iron golem (D)
  6 skeletal warriors (D)
  A golden dragon zombie (D)
  A death drake (D)
  An orange crystal statue (D)
  An obsidian statue (D)
  A spriggan druid (D)
  2 spectral iron dragons (D)
  A lindwurm (D)
  4 orc knights (D)
  5 deep elf pyromancers (D)
  2 oklob plants (D)
  2 deep elf zephyrmancers (D)
  An orc sorcerer (D)
  4 crystal guardians (D)
  5 ugly things (D)
  2 elephants (D)
  3 iron troll simulacra (D)
  A stone giant skeleton (D)
  2 black mambas (D)
  4 statues (D)
  A guardian serpent (shapeshifter) (D)
  A molten gargoyle (D)
  2 cane toads (D)
  A rime drake (D)
  A komodo dragon (D)
  8 yaktaurs (D)
  2 ice devils (D)
  3 wandering mushrooms (D)
  A queen bee (shapeshifter) (D)
  3 hornets (D)
  4 spriggan defenders (D)
  14 guardian mummies (D)
  A merfolk (shapeshifter) (D)
  2 tyrant leeches (D)
  10 slime creatures (D)
  8 blink frogs (D)
  A snapping turtle (D)
  5 redbacks (D)
  A shadow (D)
  2 spriggans (D)
  A spatial vortex (D)
  A floating eye (D)
  3 hydra simulacra (D)
  3 orc warriors (D)
  A swamp drake (D)
  A necrophage (D)
  A black mamba simulacrum (D)
  5 two-headed ogres (D)
  A water elemental (D)
  3 electric eels (D)
  A jelly (D)
  4 orc priests (D)
  Jessica (D)
  A wizard (D)
  2 necromancers (D)
  An orc wizard (D)
  A wolf simulacrum (D)
  3 humans (D)
  A kobold demonologist (D)
  A wolf (D)
  2 swamp drake simulacra (D)
  10 orcs (D)
  2 endoplasms (D)
  A rat (D)
  A ball lightning (D)
  8 butterflies (D)
288 creatures vanquished.

Vanquished Creatures (collateral kills)
  A vault guard (D)
  A centaur warrior (D)
2 creatures vanquished.

Vanquished Creatures (others)
  A hydra (D)
  An iron elemental (D)
  4 ball lightnings (D)
  3 ballistomycete spores (D)
  A bush (D)
  5 fire vortices (D)
  2 fungi (D)
  29 plants (D)
  4 tentacles (D)
50 creatures vanquished.

Grand Total: 340 creatures vanquished

Notes
Turn   | Place    | Note
-------+----------+-------------------------------------------
     0 | D        | mhtbhm the Gargoyle Earth Elementalist began the quest for
                  | the Orb.
     0 | D        | Reached XP level 1. HP: 10/10 MP: 3/3
    91 | D        | Noticed Jessica
    95 | D        | Killed Jessica
    96 | D        | Reached XP level 2. HP: 15/15 MP: 2/6
    96 | D        | Reached XP level 3. HP: 19/19 MP: 2/8
    99 | D        | Learned a level 2 spell: Passwall
   106 | D        | Learned a level 3 spell: Stone Arrow
   195 | D        | Gained mutation: You are robust. (+10% HP) [potion of
                  | mutation]
   195 | D        | Lost mutation: You are robust. (+10% HP) [potion of
                  | mutation]
   195 | D        | Gained mutation: You have a pair of small horns on your
                  | head. [potion of mutation]
   261 | D        | Reached skill level 1 in Transmutations
   261 | D        | Reached XP level 4. HP: 24/24 MP: 5/10
   304 | D        | Noticed a water elemental
   308 | D        | Killed a water elemental
   309 | D        | Reached skill level 5 in Spellcasting
   309 | D        | Reached XP level 5. HP: 15/28 MP: 7/13
   357 | D        | Learned a level 5 spell: Lee's Rapid Deconstruction
   362 | D        | Learned a level 4 spell: Petrify
   437 | D        | Found a radiant altar of Vehumet.
   439 | D        | Found a shimmering blue altar of Sif Muna.
   449 | D        | Found an ancient bone altar of Kikubaaqudgha.
   461 | D        | Became a worshipper of Vehumet
   482 | D        | Found a basalt altar of Yredelemnul.
   482 | D        | Found a shadowy altar of Dithmenos.
   482 | D        | Found a sacrificial altar of Ru.
   482 | D        | Noticed a necrophage
   485 | D        | Killed a necrophage
   486 | D        | Reached skill level 10 in Earth Magic
   486 | D        | Reached XP level 6. HP: 32/32 MP: 2/16
   544 | D        | Found a hide-covered altar of Uskayaw.
   544 | D        | Found an iron altar of Okawaru.
   544 | D        | Found a bloodstained altar of Trog.
   544 | D        | Found an ornate altar of the Wu Jian Council.
   544 | D        | Noticed a human
   544 | D        | Noticed a human
   546 | D        | Killed a human
   546 | D        | Reached * piety under Vehumet
   546 | D        | Offered knowledge of Foxfire by Vehumet.
   547 | D        | Killed a human
   548 | D        | Reached XP level 7. HP: 36/36 MP: 1/19
   620 | D        | Found a glowing silver altar of Zin.
   620 | D        | Found a glowing golden altar of the Shining One.
   620 | D        | Found a white marble altar of Elyvilon.
   620 | D        | Noticed a deep elf pyromancer
   662 | D        | Killed a deep elf pyromancer
   663 | D        | Reached skill level 10 in Spellcasting
   663 | D        | Reached XP level 8. HP: 26/41 MP: 6/22
   774 | D        | Offered knowledge of Shock by Vehumet.
   774 | D        | Reached ** piety under Vehumet
   774 | D        | Noticed a shadow
   777 | D        | Killed a shadow
   778 | D        | Reached skill level 5 in Stealth
   859 | D        | Found a blossoming altar of Fedhas.
   859 | D        | Found a stormy altar of Qazlal.
   859 | D        | Found a snail-covered altar of Cheibriados.
   859 | D        | Found a burning altar of Makhleb.
   859 | D        | Found a shimmering altar of Xom.
   860 | D        | Found a hazy altar of Hepliaklqana.
   860 | D        | Found an opulent altar of Gozag.
   860 | D        | Found a sparkling altar of Nemelex Xobeh.
   860 | D        | Found a corrupted altar of Lugonu.
   860 | D        | Found a viscous altar of Jiyva.
   967 | D        | Offered knowledge of Inner Flame by Vehumet.
   967 | D        | Reached *** piety under Vehumet
   968 | D        | Reached skill level 15 in Earth Magic
  1090 | D        | Noticed Erolcha
  1091 | D        | Noticed a two-headed ogre
  1096 | D        | Noticed a redback
  1097 | D        | Killed Erolcha
  1097 | D        | Killed a redback
  1098 | D        | Reached XP level 9. HP: 20/46 MP: 7/25
  1098 | D        | Killed a two-headed ogre
  1098 | D        | Reached **** piety under Vehumet
  1125 | D        | Noticed a two-headed ogre
  1132 | D        | Killed a two-headed ogre
  1132 | D        | Offered knowledge of Frozen Ramparts by Vehumet.
  1265 | D        | Offered knowledge of Bolt of Magma by Vehumet.
  1296 | D        | Noticed a wandering mushroom
  1301 | D        | Noticed a wandering mushroom
  1304 | D        | Killed a wandering mushroom
  1305 | D        | Reached skill level 1 in Fighting
  1306 | D        | Noticed a wandering mushroom
  1312 | D        | Killed a wandering mushroom
  1312 | D        | Reached ***** piety under Vehumet
  1313 | D        | Reached XP level 10. HP: 52/52 MP: 17/27
  1322 | D        | Learned a level 5 spell: Bolt of Magma
  1392 | D        | Offered knowledge of Conjure Ball Lightning by Vehumet.
  1393 | D        | Reached skill level 1 in Conjurations
  1474 | D        | Noticed an orc sorcerer
  1477 | D        | Killed an orc sorcerer
  1481 | D        | Noticed an orc knight
  1500 | D        | Killed an orc knight
  1507 | D        | Noticed an orc high priest
  1510 | D        | Killed an orc high priest
  1512 | D        | Reached ****** piety under Vehumet
  1601 | D        | Found Gossebaz's Distillery.
  1694 | D        | Bought a potion of flight for 30 gold pieces
  1694 | D        | Bought a potion of haste for 100 gold pieces
  1702 | D        | Noticed a deep elf zephyrmancer
  1702 | D        | Noticed a deep elf pyromancer
  1702 | D        | Noticed a deep elf pyromancer
  1702 | D        | Noticed a deep elf pyromancer
  1702 | D        | Noticed a deep elf pyromancer
  1710 | D        | Killed a deep elf pyromancer
  1710 | D        | Offered knowledge of Iskenderun's Mystic Blast by Vehumet.
  1710 | D        | Killed a deep elf pyromancer
  1711 | D        | Reached skill level 15 in Spellcasting
  1711 | D        | Reached skill level 1 in Evocations
  1712 | D        | Killed a deep elf pyromancer
  1712 | D        | Killed a deep elf pyromancer
  1713 | D        | Reached XP level 11. HP: 56/56 MP: 17/30
  1714 | D        | Killed a deep elf zephyrmancer
  1819 | D        | Noticed a deep elf zephyrmancer
  1820 | D        | Noticed a deep elf annihilator
  1823 | D        | Killed a deep elf annihilator
  1823 | D        | Noticed a deep elf death mage
  1826 | D        | Killed a deep elf death mage
  1832 | D        | Noticed a deep elf high priest
  1965 | D        | Identified the ring "Faty" {rN++ EV+4}
  1965 | D        | Noticed a deep elf annihilator
  1967 | D        | Killed a deep elf annihilator
  1967 | D        | Noticed a deep elf blademaster
  1991 | D        | Identified the +1 leather armour "Gokhupn" {Str-4 Int+4}
  1992 | D        | Killed a deep elf high priest
  2107 | D        | Noticed a deep elf annihilator
  2135 | D        | Killed a deep elf annihilator
  2150 | D        | Killed a deep elf zephyrmancer
  2150 | D        | Offered knowledge of Irradiate by Vehumet.
  2321 | D        | Killed a deep elf blademaster
  2322 | D        | Reached XP level 12. HP: 40/61 MP: 7/34
  2417 | D        | Identified the amulet of Dehe {Spirit Drain rCorr Int-4
                  | Dex+5}
  2438 | D        | Learned a level 6 spell: Iron Shot
  2448 | D        | Learned a level 9 spell: Shatter
  2507 | D        | Bought a potion of heal wounds for 50 gold pieces
  2546 | D        | Noticed Donald
  2546 | D        | Noticed Frances
  2784 | D        | Offered knowledge of Ozocubu's Refrigeration by Vehumet.
  2792 | D        | Noticed Urug
  2796 | D        | Killed Urug
  2874 | D        | Noticed a seven-headed hydra
  2874 | D        | Noticed an eight-headed hydra
  2877 | D        | Killed an eight-headed hydra
  2878 | D        | Killed a seven-headed hydra
  2999 | D        | Offered knowledge of Orb of Destruction by Vehumet.
  3000 | D        | Noticed an ice dragon
  3002 | D        | Noticed an ice dragon
  3006 | D        | Killed an ice dragon
  3018 | D        | Killed an ice dragon
  3178 | D        | Killed a seven-headed hydra
  3187 | D        | Noticed an ice dragon
  3206 | D        | Killed an ice dragon
  3295 | D        | Found Ubuah's Book Emporium.
  3295 | D        | Found Odoalieg's Antique Weapon Shop.
  3295 | D        | Found Umio's Magic Scroll Shoppe.
  3430 | D        | Bought a scroll of acquirement for 572 gold pieces
  3430 | D        | Acquired 884 gold pieces
  3448 | D        | Got a decaying rune of Zot
  3546 | D        | Found a blossoming altar of Fedhas.
  3552 | D        | Offered knowledge of Fireball by Vehumet.
  3597 | D        | Identified the +5 dagger of Syow {antimagic, *Rage rElec
                  | rN+++ Int+4}
  3857 | D        | Identified the Handbook of Changing and the Glacier
  3872 | D        | Learned a level 5 spell: Fireball
  3881 | D        | Learned a level 8 spell: Lehudib's Crystal Spear
  3985 | D        | Offered knowledge of Freezing Cloud by Vehumet.
  3987 | D        | Reached XP level 13. HP: 65/65 MP: 22/36
  4044 | D        | Noticed Rupert
  4046 | D        | Killed Rupert
  4047 | D        | Reached skill level 1 in Fire Magic
  4128 | D        | Noticed an azure jelly
  4128 | D        | Noticed an azure jelly
  4128 | D        | Noticed an azure jelly
  4128 | D        | Noticed an azure jelly
  4129 | D        | Noticed a dire elephant
  4129 | D        | Noticed a dire elephant
  4129 | D        | Noticed Gastronok
  4140 | D        | Killed a dire elephant
  4140 | D        | Killed a dire elephant
  4147 | D        | Killed Gastronok
  4331 | D        | Offered knowledge of Tornado by Vehumet.
  4331 | D        | Offered knowledge of Ignition by Vehumet.
  4417 | D        | Noticed a kraken
  4423 | D        | Killed a kraken
  4827 | D        | Killed Frances
  4828 | D        | Killed Donald
  4966 | D        | Learned a level 8 spell: Ignition
  5098 | D        | Gained mutation: Your large and strong wings let you fly.
                  | [Gargoyle growth]
  5098 | D        | Reached XP level 14. HP: 71/71 MP: 34/40
  5583 | D        | Reached skill level 5 in Fire Magic
  5785 | D        | Reached skill level 27 in Earth Magic
  5941 | D        | Found Iciteiho's Distillery.
  5941 | D        | Found Pury's Antique Armour Shop.
  5941 | D        | Found Rieceato's Distillery.
  5941 | D        | Found Gaerchouwn's Antique Weapon Shoppe.
  5941 | D        | Found Emuwkine's Distillery.
  5941 | D        | Found Xateh's Magic Scroll Emporium.
  5941 | D        | Found Uddemit's Jewellery Shoppe.
  5941 | D        | Found Dishrem's Antique Armour Shop.
  5941 | D        | Found Cup Jueh's Distillery.
  5941 | D        | Found Lomargh's Book Emporium.
  5941 | D        | Found Urhiol's Magic Scroll Boutique.
  5976 | D        | Bought a runed cloak for 142 gold pieces
  5985 | D        | Bought a scroll of holy word for 75 gold pieces
  5988 | D        | Bought a scroll of blinking for 105 gold pieces
  5988 | D        | Bought a scroll of blinking for 105 gold pieces
  6000 | D        | Bought a ring of wizardry for 420 gold pieces
  6167 | D        | Found Ytoth's Armour Emporium.
  6167 | D        | Found Riunott's Armour Shop.
  6167 | D        | Found Woryb's Armour Shop.
  6167 | D        | Found Oxzusm's Armour Shoppe.
  6194 | D        | Bought the +2 pair of boots of the Catamount {rElec Regen+
                  | Dex+3} for 348 gold pieces
  6215 | D        | Noticed Roxanne
  6219 | D        | Killed Roxanne
  6317 | D        | Found Ked Ocra's Armour Boutique.
  6323 | D        | HP: 2/71 [iron troll simulacrum (19)]
  6437 | D        | Noticed a green draconian knight
  6446 | D        | Killed a green draconian knight
  6447 | D        | Reached skill level 5 in Conjurations
  6732 | D        | Reached skill level 5 in Dodging
  6732 | D        | Noticed Boris
  6738 | D        | Killed Boris
  6892 | D        | Reached XP level 15. HP: 41/75 MP: 33/43
  6894 | D        | Reached skill level 10 in Fire Magic
  7203 | D        | Noticed a lich
  7207 | D        | Killed a lich
  7387 | D        | Learned a level 9 spell: Fire Storm
  7390 | D        | Noticed a sphinx
  7390 | D        | Noticed a sphinx
  7397 | D        | Killed a sphinx
  7400 | D        | Killed a sphinx
  7667 | D        | Noticed a royal mummy
  7671 | D        | Killed a royal mummy
  7672 | D        | Reached skill level 27 in Spellcasting
  7769 | D        | Identified the amulet of the Sun {Regen+ Dex+3}
  7776 | D        | Noticed a royal mummy
  7779 | D        | Noticed an emperor scorpion
  7780 | D        | Killed a royal mummy
  7927 | D        | Got a golden rune of Zot
  8057 | D        | Noticed Chuck
  8063 | D        | Killed Chuck
  8064 | D        | Reached skill level 15 in Fire Magic
  8071 | D        | Identified the +5 ring mail of Depression {rN+}
  8081 | D        | Identified the +5 chain mail of the Doldrums {Regen+ Int+4
                  | Dex+3}
  8179 | D        | Noticed Frederick
  8189 | D        | Killed Frederick
  8190 | D        | Reached XP level 16. HP: 80/80 MP: 26/47
  8270 | D        | Noticed a lich
  8272 | D        | Killed a lich
  8460 | D        | Noticed a shadow dragon
  8462 | D        | Killed a shadow dragon
  8550 | D        | Noticed a shadow dragon
  8551 | D        | Noticed a quicksilver dragon
  8553 | D        | Noticed a quicksilver dragon
  8553 | D        | Noticed a titan
  8554 | D        | Noticed a quicksilver dragon
  8555 | D        | Identified the +7 quarterstaff of the Boar {holy, rC- Will+
                  | Int+6}
  8557 | D        | Killed a quicksilver dragon
  8557 | D        | Killed a quicksilver dragon
  8558 | D        | Reached skill level 15 in Conjurations
  8558 | D        | Killed a shadow dragon
  8562 | D        | Killed a quicksilver dragon
  8562 | D        | Killed a titan
  8566 | D        | Identified the +6 hand crossbow of Ongal {elec, rF+ Str+4}
  8566 | D        | Identified the +5 whip of Disharmony {elec, Fragile rF+
                  | Str+4 Dex+3}
  8566 | D        | Identified the +9 rapier of Conscience {protect, *Noise
                  | +Blink rC+++ rCorr}
  8570 | D        | Noticed a golden dragon
  8573 | D        | Noticed a quicksilver dragon
  8573 | D        | HP: 4/80 [something/bolt of fire (29)]
  8578 | D        | Killed a golden dragon
  8578 | D        | Killed a quicksilver dragon
  8579 | D        | Reached XP level 17. HP: 32/84 MP: 16/48
  8582 | D        | Reached skill level 10 in Stealth
  8719 | D        | Got a silver rune of Zot
  8901 | D        | Bought 2 potions of heal wounds for 110 gold pieces
  8926 | D        | Acquired 749 gold pieces
  8930 | D        | Acquired the +1 hat of Vanity {Will+ Dex+3}
  8948 | D        | Acquired 937 gold pieces
  8954 | D        | Acquired 624 gold pieces
  9007 | D        | Bought a potion of haste for 140 gold pieces
  9007 | D        | Bought a potion of curing for 42 gold pieces
  9007 | D        | Bought a potion of curing for 42 gold pieces
  9007 | D        | Bought a potion of magic for 112 gold pieces
  9007 | D        | Bought a potion of magic for 112 gold pieces
  9007 | D        | Bought a potion of magic for 112 gold pieces
  9007 | D        | Bought a potion of heal wounds for 70 gold pieces
  9007 | D        | Bought a potion of resistance for 140 gold pieces
  9008 | D        | Bought a potion of experience for 600 gold pieces
  9008 | D        | Bought a potion of heal wounds for 60 gold pieces
  9008 | D        | Bought a potion of heal wounds for 60 gold pieces
  9008 | D        | Bought a potion of heal wounds for 60 gold pieces
  9008 | D        | Bought a potion of brilliance for 48 gold pieces
  9008 | D        | Bought 2 potions of brilliance for 96 gold pieces
  9009 | D        | Bought a scroll of fog for 28 gold pieces
  9014 | D        | Bought 2 scrolls of enchant armour for 150 gold pieces
  9021 | D        | Reached XP level 18. HP: 89/89 MP: 49/49
  9521 | D        | Noticed Nikola
  9540 | D        | Killed Nikola
  9838 | D        | Noticed Mara
  9844 | D        | Killed Mara
 10011 | D        | Found the +10 zealot's sword {holy, *Rage rN+ EV+3}
 10019 | D        | Identified the +9 broad axe "Etip" {antimagic, rF+}
 10090 | D        | Reached skill level 10 in Dodging
 10154 | D        | Noticed Geryon
 10161 | D        | Killed Geryon
 10284 | D        | Noticed an iron giant
 10287 | D        | Reached skill level 1 in Shields
 10290 | D        | Killed from afar by a war gargoyle

Illustrated notes

Levels and vault maps discovered:
D:        dungeon_sprint_mu [sprint_mu_entry_cave, sprint_mu_temple_rooms,
          sprint_mu_d1_spiders, sprint_mu_d2_genie, sprint_mu_d3_branching,
          sprint_mu_orc_legion, sprint_mu_elf_gauntlet, sprint_mu_hive_nellie,
          sprint_mu_lair_fedhas, sprint_mu_vaults_butterflies,
          sprint_mu_slime_circle, sprint_mu_swamp_cave, sprint_mu_shoals_kraken,
          sprint_mu_blade_basic, sprint_mu_crypt_fortress,
          sprint_mu_tomb_spiral, sprint_mu_vestibule_basic,
          sprint_mu_gehenna_hellfire, sprint_mu_dis_giant,
          sprint_mu_tartarus_statrot, sprint_mu_cocytus_islands, sprint_mu_zot1]

Skill      XL: |  1  2  3  4  5  6  7  8  9 10 11 12 13 14 15 16 17 18 |
---------------+-------------------------------------------------------+-----
Earth Magic    | 6 7 8 10 12 14 16 17 20 22 24 26 27 | 27.0
Dodging        | 2 3 4 5 7 9 10 | 10.4
Spellcasting   | 3 4 5 7 9 10 12 13 15 18 19 22 24 27 | 27.0
Stealth        | 3 4 5 6 7 9 10 11 | 11.0
Transmutations | 1 |  1.8
Fighting       | 1 |  1.9
Conjurations   | 2 4 5 11 17 20 | 20.4
Evocations     | 1 2 |  2.6
Fire Magic     | 2 9 16 21 22 26 | 26.5
Shields        | 1 |  1.1
Armour         | |  0.3

Action                   |  1- 3 |  4- 6 |  7- 9 | 10-12 | 13-15 | 16-18 || total
-------------------------+-------+-------+-------+-------+-------+-------++-------
Melee: Staff             |       |       |       |     1 |    12 |       ||    13
       Headbutt          |       |       |       |       |     4 |       ||     4
 Cast: Sandblast         |    11 |     5 |     1 |     8 |     1 |       ||    26
       Stone Arrow       |     2 |     2 |     7 |     8 |     1 |     2 ||    22
       Passwall          |     1 |       |       |       |       |       ||     1
       Lee's Rapid Decon |       |     4 |    21 |    95 |   172 |    59 ||   351
       Bolt of Magma     |       |       |       |     1 |       |     2 ||     3
       Petrify           |       |       |       |     3 |     4 |       ||     7
       Fireball          |       |       |       |     1 |     2 |       ||     3
       Lehudib's Crystal |       |       |       |       |    17 |     8 ||    25
       Iron Shot         |       |       |       |       |       |     6 ||     6
       Fire Storm        |       |       |       |       |       |     7 ||     7
       Ignition          |       |       |       |       |       |     6 ||     6
       Shatter           |       |       |       |       |       |     3 ||     3
Evoke: Wand              |       |       |       |     7 |       |     1 ||     8
       Phantom mirror    |       |       |       |     1 |     1 |       ||     2
  Use: Potion            |     1 |       |       |     3 |     6 |     4 ||    14
       Scroll            |       |       |       |     4 |     8 |     9 ||    21
Armor: Robe              |       |       |       |     3 |    13 |    10 ||    26
Dodge: Dodged            |     2 |     1 |       |    18 |    36 |    15 ||    72
Block: Other             |       |       |       |       |       |     3 ||     3

Table legend: (Time is in decaauts) A = Elapsed time spent in this place. B = Non-inter-level travel time spent in this place. C = Inter-level travel time spent in this place. D = Time resting spent in this place. E = Time spent auto-exploring this place. F = Levels seen in this place. G = Mean time per level. A B C D E F G +--------+--------+--------+--------+--------+-----+--------+ Total | 10302 | 10302 | 0 | 6836 | 156 | 1 | 10302.0 | Dungeon | 10302 | 10302 | 0 | 6836 | 156 | 1 | 10302.0 | +--------+--------+--------+--------+--------+-----+--------+

Top non-repeatable levels by time:
       D: 10302 daAuts
